 Dungeon Crawl Stone Soup version 0.22-a0-355-g201945f (webtiles) character file.

469 grindst0ne the Insei (level 7, -2/52 HPs)
             Began as a Gnoll Transmuter on Apr 17, 2018.
             Slain by Pikel
             ... wielding a +1 whip of electrocution
              (10 damage)
             ... on level 5 of the Dungeon.
             The game lasted 00:08:24 (2963 turns).

grindst0ne the Insei (Gnoll Transmuter)             Turns: 2963, Time: 00:08:25

Health: -2/52      AC:  2    Str: 12    XL:     7   Next: 9%
Magic:  6/15       EV: 26    Int: 17    God:
Gold:   233        SH:  0    Dex: 24    Spells: 6/17 levels left

rFire    . . .     SeeInvis .     - Unarmed
rCold    . . .     Gourm    .   (shield currently unavailable)
rNeg     . . .     Faith    .   (armour currently unavailable)
rPois    x         Spirit   .   (helmet currently unavailable)
rElec    .         Reflect  .   (cloak currently unavailable)
rCorr    .         Harm     .   (gloves currently unavailable)
MR       .....                  (boots currently unavailable)
Stlth    +++.......             (no amulet)
HPRegen  0.17/turn              l - +1 ring of evasion
MPRegen  0.14/turn              t - +3 ring of dexterity

@: spider-form
A: tiny, distributed training, strong nose
a: End Transformation


You were on level 5 of the Dungeon.
You were not hungry.
You were a venomous arachnid creature.
You visited 1 branch of the dungeon, and saw 5 of its levels.

You collected 233 gold pieces.

Inventory:

Missiles
 a - 28 arrows
Armour
 b - a +0 robe (melded)
 m - a +0 pair of boots (melded)
 n - a +0 buckler
 q - a +0 helmet (melded)
Jewellery
 l - a +1 ring of evasion (left front leg)
 t - a +3 ring of dexterity (right front leg)
Scrolls
 c - a scroll of identify
 e - 2 scrolls of magic mapping {unknown}
 j - 2 scrolls of enchant armour {unknown}
 k - a scroll of remove curse {unknown}
 r - a scroll of teleportation {unknown}
 u - a scroll of holy word {unknown}
Potions
 g - 2 potions of curing
 h - 3 potions of heal wounds
 i - 2 potions of ambrosia
 o - a potion of haste {unknown}
 p - a potion of brilliance
 s - a potion of berserk rage
Comestibles
 d - 4 rations
 f - 3 chunks of flesh


   Skills:
 + Level 3.4 Fighting
 + Level 2.2 Short Blades
 + Level 2.2 Long Blades
 + Level 2.2 Axes
 + Level 2.2 Maces & Flails
 + Level 2.2 Polearms
 + Level 2.2 Staves
 + Level 2.2 Slings
 + Level 2.2 Bows
 + Level 2.2 Crossbows
 + Level 2.2 Throwing
 + Level 2.2 Armour
 + Level 5.1 Dodging
 + Level 2.2 Stealth
 + Level 2.2 Shields
 + Level 6.9 Unarmed Combat
 + Level 5.5 Spellcasting
 + Level 1.8 Conjurations
 + Level 1.8 Hexes
 + Level 1.8 Charms
 + Level 1.8 Summonings
 + Level 1.8 Necromancy
 + Level 1.8 Translocations
 + Level 4.2 Transmutations
 + Level 1.8 Fire Magic
 + Level 1.8 Ice Magic
 + Level 1.8 Air Magic
 + Level 1.8 Earth Magic
 + Level 1.8 Poison Magic
 + Level 2.4 Invocations
 + Level 2.2 Evocations


You had 6 spell levels left.
You knew the following spells:

 Your Spells              Type           Power        Failure   Level  Hunger
a - Beastly Appendage     Tmut           ###...       9%          1    None
b - Sticks to Snakes      Tmut           ###.....     12%         2    #......
c - Spider Form           Tmut/Pois      ##........   28%         3    ##.....
d - Blade Hands           Tmut           ###.......   75%         5    ######.


Dungeon Overview and Level Annotations

Branches:
Dungeon (5/15)
 Temple: D:4-7

Altars:

Annotations:
D:3 exclusion: downstairs
D:5 Pikel


Innate Abilities, Weirdness & Mutations

Your experience applies equally to all skills.
((You have very sharp teeth.))
Your uncanny sense of smell can sniff out nearby items.


Message History

You barely miss Pikel. Pikel completely misses you.
You completely miss Pikel.
Pikel hits you with a whip of electrocution!
You hit Pikel.
Pikel is poisoned.
Pikel is lightly wounded.
Pikel hits you with a whip of electrocution.
You hit Pikel.
Pikel looks as sick as possible!
Pikel is moderately wounded.
Pikel completely misses you.
You bite Pikel!
Pikel looks as sick as possible!
Pikel is heavily wounded.
Pikel hits you with a whip of electrocution.
You are electrocuted!
Casting: Spider Form (safe; 28% risk of failure)
Confirm with . or Enter, or press ? or * to list all spells.
You extend your transformation's duration.
Pikel hits you with a whip of electrocution!
* * * LOW HITPOINT WARNING * * *
You are electrocuted!
You die...

### #.# ####.#
#.Ks.#####
#.##.....# #
######.###########
#....>............
#.###.<#...#######
#..##..# #..##..#
#..##..# #......#


You could see Pikel.

Vanquished Creatures
  A slave (D:5)
  2 ogres (D:4)
  A hound (D:5)
  2 orc wizards
  An iguana (D:4)
  A worker ant (D:4)
  Robin (D:2)
  4 gnolls
  2 adders
  An ooze (D:3)
  A worm (D:2)
  3 dart slugs
  3 leopard geckos
  13 orcs
  2 ball pythons
  3 giant cockroaches
  7 hobgoblins
  4 jackals (D:3)
  6 kobolds
  2 quokkas
  7 bats
  3 frilled lizards
  9 goblins
  7 rats
86 creatures vanquished.

Vanquished Creatures (collateral kills)
  A leopard gecko (D:2)
1 creature vanquished.

Grand Total: 87 creatures vanquished

Notes
Turn   | Place    | Note
-------+----------+-------------------------------------------
     0 | D:1      | grindst0ne the Gnoll Transmuter began the quest for the Orb.
     0 | D:1      | Reached XP level 1. HP: 17/17 MP: 6/6
   161 | D:1      | Reached XP level 2. HP: 17/23 MP: 5/7
   599 | D:1      | Reached XP level 3. HP: 28/28 MP: 7/9
   636 | D:1      | Reached skill level 5 in Spellcasting
   816 | D:1      | Learned a level 2 spell: Sticks to Snakes
   820 | D:1      | Learned a level 3 spell: Spider Form
  1079 | D:2      | Reached skill level 1 in Invocations
  1304 | D:2      | Reached skill level 1 in Short Blades
  1304 | D:2      | Reached skill level 1 in Long Blades
  1304 | D:2      | Reached skill level 1 in Axes
  1304 | D:2      | Reached skill level 1 in Maces & Flails
  1304 | D:2      | Reached skill level 1 in Polearms
  1304 | D:2      | Reached skill level 1 in Staves
  1304 | D:2      | Reached skill level 1 in Slings
  1304 | D:2      | Reached skill level 1 in Bows
  1304 | D:2      | Reached skill level 1 in Crossbows
  1304 | D:2      | Reached skill level 1 in Throwing
  1304 | D:2      | Reached skill level 1 in Armour
  1304 | D:2      | Reached skill level 1 in Stealth
  1304 | D:2      | Reached skill level 1 in Shields
  1304 | D:2      | Reached skill level 1 in Evocations
  1304 | D:2      | Reached XP level 4. HP: 31/34 MP: 7/11
  1397 | D:2      | Found a faded altar of an unknown god.
  1488 | D:2      | Noticed Robin
  1502 | D:2      | Killed Robin
  1502 | D:2      | Reached skill level 1 in Conjurations
  1502 | D:2      | Reached skill level 1 in Hexes
  1502 | D:2      | Reached skill level 1 in Charms
  1502 | D:2      | Reached skill level 1 in Summonings
  1502 | D:2      | Reached skill level 1 in Necromancy
  1502 | D:2      | Reached skill level 1 in Translocations
  1502 | D:2      | Reached skill level 1 in Fire Magic
  1502 | D:2      | Reached skill level 1 in Ice Magic
  1502 | D:2      | Reached skill level 1 in Air Magic
  1502 | D:2      | Reached skill level 1 in Earth Magic
  1502 | D:2      | Reached skill level 1 in Poison Magic
  1695 | D:3      | Reached XP level 5. HP: 40/40 MP: 6/12
  2104 | D:4      | Reached XP level 6. HP: 43/47 MP: 10/13
  2207 | D:4      | Reached skill level 5 in Dodging
  2488 | D:3      | Learned a level 5 spell: Blade Hands
  2635 | D:5      | Entered Level 5 of the Dungeon
  2934 | D:4      | Reached XP level 7. HP: 52/52 MP: 8/15
  2955 | D:5      | Noticed Pikel
  2963 | D:5      | Slain by Pikel

Vault maps used:
D:1:      dpeg_chamrin_arrival_tetris, st_stairs_5
D:2:      chequers_ecumenical_altar_lobes, minmay_misc_feat_ornament, uniq_robin
D:4:      lightli_temple_of_fire, first_ration
D:5:      elyvilon_altar_3, lemuel_doored_altar, okawaru_altar_gauntlet_db,
          uniq_pikel

Skill      XL: |  1  2  3  4  5  6 |
---------------+-------------------+-----
Spellcasting   | 5 |  5.5
Invocations    | 1 2 |  2.4
Short Blades   | 1 2 |  2.2
Long Blades    | 1 2 |  2.2
Axes           | 1 2 |  2.2
Maces & Flails | 1 2 |  2.2
Polearms       | 1 2 |  2.2
Staves         | 1 2 |  2.2
Slings         | 1 2 |  2.2
Bows           | 1 2 |  2.2
Crossbows      | 1 2 |  2.2
Throwing       | 1 2 |  2.2
Armour         | 1 2 |  2.2
Stealth        | 1 2 |  2.2
Shields        | 1 2 |  2.2
Evocations     | 1 2 |  2.2
Conjurations   | 1 |  1.8
Hexes          | 1 |  1.8
Charms         | 1 |  1.8
Summonings     | 1 |  1.8
Necromancy     | 1 |  1.8
Translocations | 1 |  1.8
Fire Magic     | 1 |  1.8
Ice Magic      | 1 |  1.8
Air Magic      | 1 |  1.8
Earth Magic    | 1 |  1.8
Poison Magic   | 1 |  1.8
Fighting       | 3 |  3.4
Transmutations | 4 |  4.2
Dodging        | 5 |  5.1
Unarmed Combat | |  6.9

Action                   |  1- 3 |  4- 6 |  7- 9 || total
-------------------------+-------+-------+-------++-------
Melee: Unarmed           |    60 |   126 |    14 ||   200
       Kick              |     9 |       |       ||     9
       Bite              |     4 |     3 |       ||     7
       Headbutt          |     2 |       |       ||     2
       Punch             |     1 |       |       ||     1
 Cast: Beastly Appendage |    13 |       |       ||    13
       Spider Form       |     4 |    19 |     2 ||    25
       Sticks to Snakes  |     1 |     1 |       ||     2
  Use: Scroll            |       |     5 |       ||     5
 Stab: Sleeping          |     4 |     3 |       ||     7
  Eat: Chunk             |     1 |     7 |       ||     8
Armor: Robe              |    10 |     7 |       ||    17
       Skin              |     1 |     4 |     1 ||     6
Dodge: Dodged            |    52 |   102 |     8 ||   162

Table legend:
 A = Spawn XP
 B = Non-spawn XP
 C = Spawn XP percentage of total XP
 D = Spawn monster count
 E = Non-spawn monster count
 F = Spawn count percentage of total count
 G = Total turns spent on level
                    A         B        C        D         E        F      G
               +---------+---------+-------+---------+---------+-------+---------
         Total |       0 |     671 |   0.0 |       0 |      86 |   0.0 |  2963
               +---------+---------+-------+---------+---------+-------+---------
           D:1 |       0 |      47 |   0.0 |       0 |      20 |   0.0 |   924
           D:2 |       0 |     115 |   0.0 |       0 |      27 |   0.0 |   757
           D:3 |       0 |     150 |   0.0 |       0 |      29 |   0.0 |   606
           D:4 |       0 |     314 |   0.0 |       0 |       9 |   0.0 |   361
           D:5 |       0 |      45 |   0.0 |       0 |       1 |   0.0 |   315
               +---------+---------+-------+---------+---------+-------+---------
